[Event "FIDE WSCC 65 2022"]
[Site "Assisi"]
[Date "2022.11.17"]
[Round "3.1"]
[White "Nunn, John D M"]
[Black "Shnaider, David"]
[Result "1-0"]
[ECO "B30"]
[WhiteElo "2580"]
[BlackElo "2225"]
[Annotator "TA"]
[PlyCount "43"]
[EventDate "2022.11.14"]
[EventType "swiss"]
[EventCountry "ITA"]
[SourceTitle "playchess.com"]
[Source "ChessBase"]
[SourceQuality "1"]
[TimeControl "40/5400+30:1800+30"]

1. e4 c5 2. Nf3 Nc6 3. Bb5 Qb6 4. Nc3 e6 5. O-O Nge7 6. Re1 {B30: Sicilian: 2...Nc6 3 Bb5, lines without ...g6.} g6 (6... a6 $11 7. Bxc6 Nxc6) 7. Bxc6 $14 Nxc6 {[#]} 8. d4 $146 {White is better.} ({Predecessor:} 8. b3 Bg7 9. Bb2 O-O 10. Na4 Qa5 11. Bxg7 Kxg7 12. d4 cxd4 13. Nxd4 e5 14. Nf3 {1-0 (45) Wirig,A (2396)-Tirard,H (2461) Nancy 2005}) 8... cxd4 {[#]} 9. Nd5 exd5 10. exd5+ Ne7 {[#]} 11. Bf4 $1 {Black must now prevent d6.} d6 $1 (11... Qxb2 $2 12. d6 Qb6 13. Rb1 $18) 12. Nd2 $1 {[%cal Bf3d2,Bd2e4,Be4d6][%mdl 32] aiming for Nc4.} Qa6 {[#] Against Nc4} 13. Ne4 $1 Bg7 {And now ...0-0 would win.} 14. Nxd6+ Kf8 {Threatens to win with ...Bd7.} 15. Qf3 {White is much more active. The black rooks are badly placed.} f5 $2 {[%mdl 8192] Black cannot hold the game after this.} ({Not} 15... Bf5 16. g4 Bd7 17. Be5 $16 (17. Qe4 Ng8 $11)) (15... Bd7 $14) 16. Qg3 $18 {Qh4 is the strong threat.} Bd7 {[#]} 17. Rxe7 $1 {[%mdl 512] Qg5 would kill now.} Kxe7 (17... Re8 18. Rxd7) 18. Qg5+ Kf8 19. Re1 {Intending Qe7+ and mate.} Be8 20. Qe7+ {White mates.} Kg8 21. Qe6+ Kf8 22. Qxe8+ {[%mdl 64] Back Rank.  Weighted Error Value: White=0.08 (flawless) /Black=0.55} 1-0

[Event "FIDE WSCC 65 2022"]
[Site "Assisi"]
[Date "2022.11.17"]
[Round "3.2"]
[White "Pomes Marcet, Joan"]
[Black "Vaisser, Anatoly"]
[Result "1/2-1/2"]
[ECO "A57"]
[WhiteElo "2197"]
[BlackElo "2463"]
[Annotator "TA"]
[PlyCount "79"]
[EventDate "2022.11.14"]
[EventType "swiss"]
[EventCountry "ITA"]
[SourceTitle "playchess.com"]
[Source "ChessBase"]
[SourceQuality "1"]
[TimeControl "40/5400+30:1800+30"]

1. d4 Nf6 2. c4 c5 3. d5 b5 4. a4 bxc4 5. Nc3 d6 6. e4 g6 7. Bxc4 Bg7 8. f4 {is the legacy move (8.Nf3).} Ba6 {A57: Benko/Volga Gambit.} 9. Bb5+ Bxb5 10. axb5 Nfd7 {Inhibits e5. White has an edge.} 11. Nf3 O-O {[#]} (11... a6 $14) 12. O-O {White is more active.} (12. h4 $1 $16) 12... Qb6 (12... a6 $14) 13. Qe2 $16 Qb7 (13... Qc7 $16) 14. e5 $18 Nb6 15. Rd1 (15. f5 $18) 15... a6 $11 {[#]} 16. Be3 $146 ({Predecessor:} 16. e6 f5 17. Ng5 axb5 18. Rxa8 Qxa8 19. Qxb5 Qa6 20. Nf7 Bxc3 21. Qxa6 Nxa6 22. bxc3 {0-1 (30) Bach,M (2270)-Stachowiak,K (2470) Chess.com INT 2021}) 16... axb5 $1 {[#] And now ...Rxa1 would win.} 17. Qxb5 Na6 18. exd6 exd6 {Black wants to play ...Rfb8.} 19. Ne4 $1 Nc7 20. Nxd6 {Rxa8 is the strong threat.} Nxb5 (20... Rxa1 {looks sharper.} 21. Rxa1 Qb8 22. Qxc5 Ncxd5 23. Bf2 Rd8) 21. Nxb7 {Strongly threatening Rxa8. The position is equal.} Rxa1 22. Rxa1 Nxd5 23. Bxc5 Rb8 24. Nd6 {aiming for Nxb5.} Bxb2 25. Ra5 Nbc7 26. g3 Bc3 27. Ra2 Bg7 28. Bf2 Bf8 29. Nc4 Rb1+ 30. Kg2 Rc1 31. Ne3 Nb4 32. Rd2 h5 33. Ne5 Nc6 34. Nxc6 Rxc6 35. Rc2 Rxc2 36. Nxc2 f6 37. Kf3 Kf7 38. Nd4 Bc5 39. h3 Nd5 40. Ne2 {Weighted Error Value: White=0.14 (very precise) /Black=0.09 (flawless)} 1/2-1/2

[Event "FIDE WSCC 65 2022"]
[Site "Assisi"]
[Date "2022.11.17"]
[Round "3.3"]
[White "Chan, Peng Kong"]
[Black "Sideifzade, Fikret"]
[Result "0-1"]
[ECO "A36"]
[WhiteElo "2149"]
[BlackElo "2391"]
[Annotator "TA"]
[PlyCount "110"]
[EventDate "2022.11.14"]
[EventType "swiss"]
[EventCountry "ITA"]
[SourceTitle "playchess.com"]
[Source "ChessBase"]
[SourceQuality "1"]
[TimeControl "40/5400+30:1800+30"]

1. c4 c5 2. g3 Nc6 3. Bg2 g6 4. Nc3 Bg7 5. d3 e6 6. e4 Nge7 7. Nge2 O-O 8. O-O d6 9. a3 b6 10. Rb1 Bb7 11. b4 Nd4 12. Be3 Qd7 13. Qd2 Rac8 {A36: Symmetrical English vs ...g6: 4 Bg2 Bg7.} 14. Rfc1 f5 15. Bxd4 cxd4 {[#] Black is slightly better.} 16. Nd1 $146 (16. Nb5 $11) ({Predecessor:} 16. Nb5 Nc6 17. c5 dxc5 18. bxc5 bxc5 19. exf5 Ba8 20. fxe6 Qe7 21. Nf4 a6 22. Nd5 Qxe6 {1-0 (39) Morihama,N (2236)-Certoux,J (1200) IECG email 2001}) 16... e5 $17 17. Bh3 Qe8 18. f3 h5 19. Nf2 Kh7 20. Rf1 Bh6 21. f4 b5 (21... fxe4 $142 {aiming for ...e3.} 22. Nxe4 (22. Bxc8 $2 e3 $19) 22... Rd8) 22. cxb5 Qxb5 23. Rfc1 Qb6 {Black is more active.} 24. Bg2 ({Better is} 24. a4 $15) 24... fxe4 25. Nxe4 (25. Rxc8 $17 Bxc8 26. dxe4) 25... Rxc1+ $19 26. Rxc1 Nd5 27. Qb2 exf4 28. gxf4 Nc3 (28... Nxf4 $2 29. Nxf4 Bxf4 30. Rf1 $19) 29. N2xc3 dxc3+ 30. Qf2 Bxe4 {This bishop pair is nice.} ({Stronger than} 30... Rxf4 31. Qxb6 axb6 32. Rxc3 $11) ({Inferior is} 30... Qxf2+ 31. Nxf2 Bxf4 32. Rxc3 $17) 31. Qxb6 axb6 32. Bxe4 {[%mdl 4096] Endgame KRB-KRB} Rc8 ({Weaker is} 32... Rxf4 33. Rxc3 Bg7 34. Rc6 $11) 33. Rc2 Bxf4 34. a4 Bd2 35. a5 {[#]} (35. Kg2 $17) 35... bxa5 $1 36. bxa5 d5 37. Bxd5 Rc5 $1 38. Be4 Rxa5 39. Kf2 Kh6 40. d4 $2 (40. Kf3) 40... Ra4 41. Kf3 g5 42. h3 Rxd4 43. Bc6 Rd3+ 44. Kg2 Bf4 {[#] ...Rg3+ is the strong threat.} 45. Bf3 Be5 (45... g4 $142 46. hxg4 h4) 46. Re2 Bf4 (46... Bd6 $19 {[%cal Og5g4] And now ...g4! would win.} 47. Ra2 g4 48. hxg4 h4) 47. Ra2 $2 (47. Rc2 $11 g4 48. hxg4) 47... g4 {Black is clearly winning.} 48. hxg4 hxg4 49. Be4 Rd4 50. Bf5 Kg5 51. Bh7 Kh4 52. Rc2 Be5 53. Bg6 Rd1 54. Bh7 Bd4 {( -> ...Rg1+)} 55. Kh2 Rg1 {Weighted Error Value: White=0.74/Black=0.25 (precise)} 0-1

[Event "FIDE WSCC 65 2022"]
[Site "Assisi"]
[Date "2022.11.17"]
[Round "3.4"]
[White "Jansa, Vlastimil"]
[Black "Lederman, Leon"]
[Result "1-0"]
[ECO "B90"]
[WhiteElo "2390"]
[BlackElo "2215"]
[Annotator "TA"]
[PlyCount "61"]
[EventDate "2022.11.14"]
[EventType "swiss"]
[EventCountry "ITA"]
[SourceTitle "playchess.com"]
[Source "ChessBase"]
[SourceQuality "1"]
[TimeControl "40/5400+30:1800+30"]

1. e4 c5 2. Nf3 d6 3. d4 cxd4 4. Nxd4 Nf6 5. Nc3 a6 6. Bd3 e5 7. Nde2 Be6 8. O-O {B90: Sicilian Najdorf: Unusual White 6th moves, 6 Be3 Ng4 and 6 Be3 e5.} Be7 9. Ng3 g6 {[#]} 10. Kh1 $146 {The position is equal.} ({Predecessor:} 10. Nd5 Bxd5 11. exd5 Nbd7 12. c4 O-O 13. Bh6 Re8 14. Rc1 Bf8 15. Be3 a5 16. Qb3 {1-0 (66) Svane,F (2421)-Debashis,D (2501) Chess.com INT 2021}) 10... Nc6 11. f4 exf4 12. Bxf4 Ne5 13. Qd2 O-O 14. Bh6 Re8 {[#]} (14... Nfg4 {simplifies} 15. Bf4 Re8 16. h3 Nf6) 15. Nf5 $1 {Black must now prevent Nxe7+.} Bxf5 (15... gxf5 16. Qg5+ (16. exf5 Kh8 $16) 16... Ng6 17. exf5 $18) (15... Bf8 16. Bxf8) 16. exf5 d5 17. Rae1 (17. Rad1 $5) 17... Neg4 (17... Nfg4 $11 {remains equal.}) 18. Bf4 $16 Nh5 19. h3 (19. fxg6 $16 hxg6 20. Be2 Nxf4 21. Bxg4 (21. Qxf4 Nf6 $16)) 19... Ngf6 (19... Nxf4 $2 20. Qxf4 Nf6 21. fxg6 hxg6 22. Re5 $18) (19... g5 $1 $11 20. hxg4 Nxf4) 20. g4 $36 {[%mdl 2048] Black is under strong pressure. White has more active pieces.} (20. Bh2 {keeps more tension.} Bb4 21. g4 Ng7 22. Rxe8+ Ngxe8 23. fxg6 hxg6 24. Be5) 20... Nxf4 21. Qxf4 {Threatens to win with fxg6.} Bd6 22. Rxe8+ Nxe8 23. Qf3 {Strongly threatening fxg6.} g5 {[%mdl 8192] [#] A mistake that costs the game.} (23... Qf6 $16) 24. f6 $1 $18 {aiming for Qf5.} ({Not} 24. Nxd5 Nf6 $16) 24... Bf4 25. Nxd5 Nxf6 $2 (25... Qd6 26. Nxf4 gxf4) 26. Nxf4 gxf4 27. Qxf4 Qd5+ 28. Rf3 Nd7 29. Bc4 Qd1+ 30. Rf1 Qxc2 31. Bxf7+ {Weighted Error Value: White=0.09 (flawless) /Black=0.57} 1-0

[Event "FIDE WSCC 65 2022"]
[Site "Assisi"]
[Date "2022.11.17"]
[Round "3.5"]
[White "Peretz, Malkiel"]
[Black "Birnboim, Nathan"]
[Result "0-1"]
[ECO "C05"]
[WhiteElo "2142"]
[BlackElo "2361"]
[Annotator "TA"]
[PlyCount "110"]
[EventDate "2022.11.14"]
[EventType "swiss"]
[EventCountry "ITA"]
[SourceTitle "playchess.com"]
[Source "ChessBase"]
[SourceQuality "1"]
[TimeControl "40/5400+30:1800+30"]

1. e4 e6 2. d4 d5 3. Nd2 Nf6 4. exd5 exd5 5. Ngf3 Bd6 6. Bd3 O-O 7. O-O Nc6 8. c3 {[#]} Nh5 $146 {C05: French Tarrasch: 3...Nf6 4 e5 Nfd7, 5 f4 and 5 Bd3 sidelines.} ({Predecessor:} 8... Ne7 9. Ne5 c5 10. Re1 cxd4 11. cxd4 Bf5 12. Nf1 Bxd3 13. Qxd3 Ne4 14. Ng4 f5 15. Nge3 Kh8 16. f3 {0-1 (60) Hammer,J (2628)-Shaposhnikov,E (2557) Chess.com INT 2017}) 9. Ne5 Nf4 10. Ndf3 Nxd3 {The position is equal.} 11. Qxd3 (11. Nxd3 $11 Bf5 12. Re1) 11... Ne7 $15 12. Qd1 ({Don't play} 12. Ng5 Bf5 13. Qe3 f6 $17) 12... f6 13. Nd3 Ng6 14. Re1 c6 $36 {[%mdl 2048] Black is pushing.} 15. Bd2 Bf5 16. Nc5 Rf7 17. Rc1 (17. Re3 $142) 17... b6 $17 18. Nb3 ({Don't go for} 18. Ne6 $2 Qd7 19. Nxg7 Kxg7 $19) 18... a5 19. Be3 a4 20. Nbd2 b5 21. Nf1 Qc7 {Black has more active pieces.} 22. Ng3 Bg4 {A strong pair of Bishops.} 23. h3 Bxh3 24. gxh3 $15 Bxg3 25. fxg3 Qxg3+ 26. Kh1 Qxh3+ 27. Nh2 Re7 28. Qf3 Qxf3+ 29. Nxf3 Rae8 30. Bf2 (30. Bd2 $1 $15) 30... Kf7 (30... Nf4 $17 {And now ...Re2 would win.} 31. Rxe7 Rxe7) 31. Rxe7+ Rxe7 32. Rc2 {Against Re2} Nf4 33. Bg3 Re2 34. Rd2 {[#]} (34. Rxe2 $17 Nxe2 35. Bd6) 34... a3 $1 35. Bxf4 (35. bxa3 Re3) 35... axb2 36. Rd1 {Black must now prevent Ne1.} Rf2 37. Rb1 $2 (37. Nd2 $17 Rxf4 38. Rb1) 37... Rxf3 $19 {[%mdl 4096] Endgame KRB-KR} 38. Bd2 g5 ({Inferior is} 38... Rh3+ 39. Kg1 $17) 39. Kg2 g4 ({Black should try} 39... Rd3 $19 40. Rxb2 h5) 40. Rxb2 $17 {[#]} h5 (40... Kg6 $1 $17 {aiming for ...h5.} 41. Be1 Re3) 41. Be1 $1 $15 Re3 42. Kf1 (42. Kf2 $1 $15 Rd3 43. Kg2) 42... Kg6 (42... Rh3 $17 {Hoping for ...Rh1+.} 43. Re2 f5) 43. a4 $2 (43. Re2 $15 Re4 44. Rxe4 dxe4 45. c4) 43... bxa4 $19 44. Ra2 $2 (44. Kf2 Re7 45. Bd2) 44... g3 45. Rxa4 g2+ {[%mdl 64] Deflection} 46. Kxg2 {Strongly threatening Kf2.} Rxe1 {KR-KR} 47. Ra6 Re6 48. Kf3 Kf5 49. Ra8 h4 {Threatens to win with ...Re1.} 50. Rh8 Re4 51. Rc8 $2 (51. Rh5+ Ke6 52. Rh7) 51... Rg4 {Black is clearly winning.} 52. Rh8 Rg3+ 53. Kf2 Rxc3 54. Rxh4 Rd3 55. Ke2 Kg5 {Weighted Error Value: White=0.56/Black=0.21 (precise)} 0-1

[Event "FIDE WSCC 65 2022"]
[Site "Assisi"]
[Date "2022.11.17"]
[Round "3.6"]
[White "Legky, Nikolay A"]
[Black "Jurek, Josef"]
[Result "1/2-1/2"]
[ECO "C00"]
[WhiteElo "2350"]
[BlackElo "2211"]
[Annotator "TA"]
[PlyCount "34"]
[EventDate "2022.11.14"]
[EventType "swiss"]
[EventCountry "ITA"]
[SourceTitle "playchess.com"]
[Source "ChessBase"]
[SourceQuality "1"]
[TimeControl "40/5400+30:1800+30"]

1. e4 c5 2. Nf3 e6 3. g3 Nc6 4. Bg2 Nf6 5. d3 d5 6. Qe2 Be7 7. O-O O-O 8. e5 Ne8 9. Re1 {C00: French: Unusual White 2nd moves.} b5 10. Nbd2 a5 11. h4 {The position is equal.} b4 12. Nf1 a4 {[#]} 13. N1h2 $146 ({Predecessor:} 13. h5 Nc7 14. h6 g6 15. Bf4 a3 16. b3 Nb5 17. N1h2 f5 18. exf6 Bxf6 19. Ng4 Bxa1 20. Rxa1 {0-1 (50) Kinsiz,O (2253)-Damljanovic,B (2565) Paracin 2015}) 13... Nc7 14. h5 a3 (14... h6 $15) 15. b3 (15. h6 $11 {remains equal.}) 15... Nb5 (15... f5 $142 16. Be3 Nb5) 16. Bf4 f5 17. Qd2 {[#]} (17. exf6 $17 {might work better.} gxf6 18. Bh6) 17... Bd7 $2 {Weighted Error Value: White=0.50/Black=0.16 (very precise)} (17... h6 $1 $19 {and Black stays clearly on top.} 18. d4 cxd4) 1/2-1/2

[Event "FIDE WSCC 65 2022"]
[Site "Assisi"]
[Date "2022.11.17"]
[Round "3.7"]
[White "Vogel, Jaap"]
[Black "Hebert, Jean"]
[Result "0-1"]
[ECO "A48"]
[WhiteElo "2119"]
[BlackElo "2333"]
[Annotator "TA"]
[PlyCount "70"]
[EventDate "2022.11.14"]
[EventType "swiss"]
[EventCountry "ITA"]
[SourceTitle "playchess.com"]
[Source "ChessBase"]
[SourceQuality "1"]
[TimeControl "40/5400+30:1800+30"]

1. d4 Nf6 2. Nf3 e6 3. Bf4 b6 4. e3 Bb7 5. Be2 g6 6. O-O Bg7 7. c4 d6 8. Nc3 Nbd7 9. h3 O-O 10. Bh2 Qe7 11. Rc1 {A48: 1 d4 Nf6 2 Nf3 g6: Torre, London and Colle Systems.} Rfd8 12. Qc2 c5 {[#]} 13. Rfd1 $146 {The position is equal.} ({Predecessor:} 13. dxc5 Nxc5 14. Rfd1 Nfe4 15. Nb5 a6 16. Nbd4 Rac8 17. b4 Nd7 18. Nd2 Nef6 19. Qb3 {1-0 (46) Kiewra,K (2429)-Gordievsky,D (2611) Chess.com INT 2017}) 13... cxd4 14. Nxd4 e5 15. Ndb5 Nf8 16. Nd5 Nxd5 17. cxd5 a6 18. Nc3 Nd7 19. Bg3 Bh6 20. Qd2 Rdc8 21. f3 b5 22. a3 Nc5 23. Ne4 Na4 24. Nf2 {[#]} (24. Bf2 $15) 24... f5 $1 $17 25. Nd3 Bxd5 {Black is more active.} 26. Nb4 ({Don't blunder} 26. Nxe5 $2 Nb6 27. Rxc8+ Rxc8) 26... Bb3 27. Rxc8+ Rxc8 28. Qxd6 {Now White is beyond hope.} (28. Rc1 $17 {was necessary.} Rxc1+ 29. Qxc1) 28... Bxe3+ $19 29. Kh2 Qxd6 30. Rxd6 f4 ({Inferior is} 30... Nxb2 31. Bxe5 a5 32. Nc6 $17) 31. Bh4 {[#]} (31. Be1 {was the only chance.} Rc1 32. Nd3) 31... Nxb2 $2 (31... Rc1 $1 $19 {and Black stays clearly on top. Threatens to win with ...Bg1+.} 32. Rd8+ Kg7 33. Rd7+ Kg8 34. Rd8+ Kf7 35. Rd7+ Ke6 36. Re7+ Kd6 37. Rxh7 Nxb2) 32. Nc6 $17 {Strongly threatening Ne7+.} Re8 {And now ...Bc5 would win.} 33. Ne7+ (33. Nb4 $17 {was called for.}) 33... Kf7 $19 34. Rd7 (34. Nc6) 34... Ke6 35. Rb7 Bc4 {Weighted Error Value: White=0.45/Black=0.15 (very precise)} 0-1

[Event "FIDE WSCC 65 2022"]
[Site "Assisi"]
[Date "2022.11.17"]
[Round "3.8"]
[White "Bogdanov, Valentin"]
[Black "Koehler, Gerhard"]
[Result "0-1"]
[ECO "D45"]
[WhiteElo "2323"]
[BlackElo "2198"]
[Annotator "TA"]
[PlyCount "108"]
[EventDate "2022.11.14"]
[EventType "swiss"]
[EventCountry "ITA"]
[SourceTitle "playchess.com"]
[Source "ChessBase"]
[SourceQuality "1"]
[TimeControl "40/5400+30:1800+30"]

1. d4 Nf6 2. Nf3 d5 3. c4 e6 4. Nc3 c6 5. e3 Nbd7 6. Qc2 Be7 7. b3 O-O 8. Bd3 dxc4 {D45: Semi-Slav: 5 e3.} 9. bxc4 c5 10. O-O cxd4 {White is slightly better.} 11. exd4 b6 12. Bb2 Bb7 13. Ne5 Rc8 14. Rad1 Re8 15. Qe2 Nf8 {[#]} 16. d5 $146 (16. Bc2 $11) ({Predecessor:} 16. Bc2 Qc7 17. f4 g6 18. Kh1 Red8 19. Bb3 Ba6 20. a4 Qb7 21. Nb5 N8d7 22. d5 Nc5 23. Nc6 Rxc6 24. dxc6 Qxc6 25. Rxd8+ Bxd8 {1-0 (41) Levin,E (2485)-Sapenov,D (2169) Cheliabinsk 2021}) 16... exd5 $15 17. cxd5 Bb4 18. Ne4 Nxe4 (18... Bxd5 19. Nxf6+ Qxf6 20. Bb5 $16) 19. Qxe4 Bd6 20. Bb5 ({Don't play} 20. Nxf7 Kxf7 21. Qg4 Ng6 $17) ({Better is} 20. Nc6 $1 $11 Bxh2+ 21. Kxh2 Rxc6 22. Qg4 (22. dxc6 Rxe4 23. Kg1 Qe7 $17) 22... Rh6+ 23. Kg1) 20... Re7 21. Qf5 Rc5 (21... Bxe5 $15 22. Bxe5 Rc5) 22. Nc6 $14 Bxc6 23. Bxc6 Qc7 24. Qh3 Rc2 25. Bd4 Ng6 26. g3 {Against Nf4} Rxa2 (26... Ne5 $15) 27. Qf5 Ra5 28. Qb1 (28. Rc1 $1 $11) 28... Ra3 (28... Qc8 $17 {[%cal Og6h4] Threatens to win with ...Nh4!} 29. Rfe1 Qg4) 29. Bb2 {A strong pair of Bishops.} Rb3 $36 {[%mdl 2048] Black has some pressure.} 30. Qc2 Rb4 31. Rfe1 Ne5 {[#] Strongly threatening ...Nf3+.} 32. Bxe5 Rxe5 33. Rxe5 Bxe5 34. Re1 {Black must now prevent Qe2.} g6 $1 35. Qd2 Rb2 (35... Rb3 $15) 36. Qh6 (36. Qe3 $11 {keeps the balance.} Bf6 37. Qa3) 36... Qd6 $17 37. Qe3 {[#]} Qf6 {...Bd4 is the strong threat. Black is more active.} 38. Re2 Rxe2 39. Qxe2 {[%mdl 4096] Endgame KQB-KQB} Bd4 40. Kg2 Bc5 41. f4 a5 42. Qe5 Qxe5 43. fxe5 {KB-KB} Bd4 44. e6 {White threatens e7 and mate.} fxe6 45. dxe6 {Intending e7 and mate.} Kf8 46. Kf3 Ke7 47. Bd7 Kd6 48. Ke4 Bf6 49. Kd3 Kc5 50. Kc2 Kc4 51. Ba4 $2 {[%mdl 8192] This move loses the game for White.} (51. Be8 $17) 51... b5 $19 {Black is clearly winning.} 52. Bb3+ Kb4 53. h4 a4 54. Bd5 Ka3 {Weighted Error Value: White=0.47/Black=0.13 (very precise)} 0-1

[Event "FIDE WSCC 65 2022"]
[Site "Assisi"]
[Date "2022.11.17"]
[Round "3.9"]
[White "Mojzis, Jaroslav"]
[Black "Renman, Nils-Gustaf"]
[Result "0-1"]
[ECO "A07"]
[WhiteElo "2094"]
[BlackElo "2320"]
[Annotator "TA"]
[PlyCount "88"]
[EventDate "2022.11.14"]
[EventType "swiss"]
[EventCountry "ITA"]
[SourceTitle "playchess.com"]
[Source "ChessBase"]
[SourceQuality "1"]
[TimeControl "40/5400+30:1800+30"]

1. Nf3 d5 2. g3 Bg4 3. Bg2 Nd7 4. O-O c6 5. h3 Bxf3 6. Bxf3 {A07: Réti Opening: New York and Capablanca Systems.} Ngf6 7. d3 e5 8. Nd2 {The position is equal.} Be7 9. e4 dxe4 10. dxe4 O-O 11. Qe2 Qc7 12. a4 a5 13. Nc4 Bc5 14. Bd2 Rfe8 15. Rfd1 b6 16. Kg2 {[#]} Rad8 $146 ({Predecessor:} 16... Nf8 17. Bc3 N6d7 18. Qd3 Ra7 19. Bg4 Ne6 20. Bxe6 Rxe6 21. Rd2 Be7 {1-0 (40) Urankar,H (2160)-Tiller,J (2130) Bayern 1999}) 17. Be1 Nf8 18. Rxd8 Rxd8 19. Rd1 Rxd1 20. Qxd1 Ne6 21. h4 g6 22. c3 h5 23. Qd3 (23. b4 $5 axb4 24. cxb4 $14) 23... Bf8 24. Bd2 Nc5 {[%csl LRa4,LRd3] Pair of Knights!} 25. Qc2 b5 $36 {[%mdl 2048] White is under pressure.} 26. axb5 cxb5 27. Ne3 Qd6 28. c4 b4 {Threatens to win with ...Qd3.} 29. Nd5 Nxd5 (29... Qa6 $5 ) 30. cxd5 (30. exd5 Qb6 $11) 30... Qa6 {Against Be2} 31. b3 $2 (31. Bh6 $11 {and White has nothing to worry.} Qd3 32. Qc1 (32. Qxd3 Nxd3 33. Bd2 Nxb2 $17) 32... Bxh6 33. Qxc5) 31... a4 $1 $19 32. bxa4 b3 33. Qc3 Qxa4 {Hoping for ...Qd4.} 34. Qxe5 {[#]} (34. Be3) 34... Bg7 $2 (34... Nd3 $1 $19 {[%cal Rd3e5] is more deadly.} 35. Qb8 Qd4) 35. Qb8+ $17 Kh7 {[%mdl 1024] Black has strong compensation.} 36. e5 {[#]} Qa2 ({Better is} 36... Nd3 $1 $17 37. e6 fxe6 38. dxe6 Qd4) 37. Bc3 $2 ({Don't blunder} 37. Be3 $2 b2 38. e6 fxe6 39. Bxc5 b1=Q $19) (37. e6 $1 $11 {and White is okay.} fxe6 38. dxe6 Nxe6 39. Qe8) 37... Nd3 $19 38. Qb6 Qc2 39. e6 (39. d6 $142 Qxc3 40. d7 Ne1+ 41. Kf1 Nxf3 42. d8=Q) 39... Qxc3 40. e7 Ne1+ 41. Kf1 Qd3+ 42. Be2 Qe4 43. f3 Nxf3 44. e8=Q Nh2+ {Weighted Error Value: White=0.78/Black=0.26 (precise)} (44... Qxe8 $142 45. Bxf3 b2) 0-1

[Event "FIDE WSCC 65 2022"]
[Site "Assisi"]
[Date "2022.11.17"]
[Round "3.10"]
[White "Bagamasbad, Efren"]
[Black "Gaprindashvili, Nona"]
[Result "0-1"]
[ECO "A25"]
[WhiteElo "2051"]
[BlackElo "2268"]
[Annotator "TA"]
[PlyCount "146"]
[EventDate "2022.11.14"]
[EventType "swiss"]
[EventCountry "ITA"]
[SourceTitle "playchess.com"]
[Source "ChessBase"]
[SourceQuality "1"]
[TimeControl "40/5400+30:1800+30"]

1. g3 e5 2. c4 Nc6 3. Bg2 g6 4. Nc3 Bg7 5. d3 Nge7 6. e3 d6 7. Nge2 O-O 8. O-O Bd7 9. Nd5 {A25: English Opening vs King's Indian with ...Nc6 but without early d3.} Nxd5 10. cxd5 Ne7 {[#]} 11. e4 $146 {The position is equal.} ({Predecessor:} 11. d4 c6 12. dxc6 Bxc6 13. d5 Bb5 14. Re1 f5 15. Qb3 Qb6 16. Nc3 Bd3 17. Qxb6 axb6 {½-½ (40) Maletin,P (2598)-Dvoirys,S (2562) Khanty-Mansiysk 2013}) 11... c6 12. dxc6 Bxc6 13. Be3 d5 14. Bc5 Re8 15. Nc3 (15. Qb3 $1 $11) 15... d4 $15 16. Bxe7 Rxe7 17. Nd5 Bxd5 18. exd5 Rc7 19. Rc1 Rac8 20. Rxc7 Qxc7 21. Qa4 Qb6 22. h4 Bf8 23. h5 a6 24. Rb1 Qb5 25. Qd1 Qc5 26. hxg6 (26. d6 $5) 26... hxg6 27. Qg4 Bd6 28. Be4 Kg7 29. Kg2 Rh8 30. Qd7 Qb6 31. b4 Rd8 (31... Bxb4 $2 32. Qa4 $18) 32. Qg4 Qc7 (32... Bxb4 $2 33. a3 $18) 33. b5 a5 34. b6 Qc8 35. Qg5 Qd7 (35... Rh8 $15 {is more appropriate.}) 36. Rh1 $11 {Hoping for Qh6+.} Rh8 {Prevents Qh6+.} 37. Rh4 Rxh4 {The board is on fire.} 38. Qxh4 $15 {[%mdl 4096] Endgame KQB-KQB} Qc8 39. g4 Qe8 40. Qh3 Qb8 (40... Qd8 $17 41. a4 Bb4) 41. Qh4 (41. g5 $11 {remains equal.} Qe8 42. Qh6+ Kg8 43. a4) 41... Qc8 42. Qg5 Qe8 43. Bf3 Qh8 44. Qd2 Qa8 45. Qg5 Qc8 46. Be4 Qh8 47. a3 Qc8 48. Bf3 f6 ({Black should play} 48... a4 $17) 49. Qd2 $1 $11 Qc3 $36 {[%mdl 2048] Black is pushing.} 50. Qd1 Qxa3 51. g5 (51. Qc2 $5 Bc5 52. d6 $15) 51... fxg5 52. Be4 (52. Qc2 $1 $15) 52... Be7 $1 $17 {White is now going downhill.} 53. Qg4 {Strongly threatening Qc8.} Qd6 54. Qc8 Qxb6 55. Qd7 {[#]} (55. Kf1 $142) 55... Qd6 $1 56. Qxb7 (56. Qe8 $17) 56... a4 $19 57. Qa8 {[#]} a3 58. Bf3 $2 (58. Qa7) 58... Qd7 (58... g4 $142 59. Bxg4 Qd8) 59. Kg3 (59. Be4 $142) 59... Bd6 60. Bg4 $2 (60. Be4 $19) 60... Qf7 (60... e4+ $142 61. Kh3 Qf7 62. Qa6 Qf4 63. Kg2 Qh2+ 64. Kf1 e3 65. Qa7+ Kh6 66. Qf7 a2 67. Bd1 a1=Q 68. Ke2 Qb2+ 69. Bc2 Qxc2+ 70. Kf3 Qcxf2+ 71. Kg4 Qh5#) 61. Kg2 Qf4 (61... e4 $142 {( -> ...e3)} 62. Be6 Qf8) 62. Be6 (62. Bf3 $142 g4 63. Be4) 62... Qf8 63. Qa4 Kh6 64. Qa6 Kh5 65. f3 g4 66. Bxg4+ Kh4 67. Qa5 Kg5 68. Qd2+ Qf4 {Black mates.} 69. Qa5 e4 70. dxe4 d3 71. Kf2 a2 72. Qd8+ Qf6 73. f4+ Bxf4 {Weighted Error Value: White=0.32/Black=0.28 (precise)} 0-1